[Event "Budapest One Week IM-B 03-2025"]
[Site "Budapest"]
[Date "2025.03.21"]
[Round "7.5"]
[White "Venkatesh, Narayan"]
[Black "Shah, Vishwa"]
[Result "0-1"]
[Annotator "TA"]
[ECO "D31"]
[WhiteElo "2203"]
[BlackElo "2172"]
[PlyCount "76"]
[EventDate "2025.03.17"]
[EventType "tourn"]
[EventCountry "HUN"]
[SourceTitle "playchess.com"]
[Source "ChessBase"]
[SourceQuality "1"]
[TimeControl "5400+30"]

1. d4 d5 2. c4 e6 3. Nc3 a6 4. cxd5 exd5 5. Bf4 Nf6 6. e3 {[%emt 0:00:06] D31: Queen's Gambit Declined: Semi-Slav without ...Nf6 (+ Marshall Gambit and Noteboom) and Exchange Variation lines without ...Nf6.} c5 7. Bd3 Nc6 8. Nge2 {[%emt 0:02:35] The position is equal.} Be7 9. dxc5 $146 (9. O-O O-O 10. b3 b5 11. dxc5 Bxc5 12. Rc1 Ba3 13. Rb1 Be6 14. Bg5 h6 15. Bh4 {1-0 Bashkansky,E (2101)-Levitan,C (2129) Titled Tuesday intern op 02nd May Early blitz 2023 (7)}) 9... Bxc5 10. O-O O-O 11. Rc1 Ba7 12. Bg5 h6 13. Bh4 (13. Bxf6 $16 Qxf6 14. Nxd5) 13... Qd6 (13... d4 $11 {is superior.} 14. exd4 Nxd4) 14. Bb1 $14 d4 15. Bg3 Qb4 16. exd4 Nxd4 17. a3 Nxe2+ 18. Qxe2 Qg4 19. Qd3 {[%emt 0:06:58] [#] and Nd5 would now be decisive} g6 20. Be5 Qg5 21. Bd6 ({Better is} 21. Rce1 $14) 21... Re8 $15 22. Qf3 Bb8 (22... Bg4 $11 23. Qf4 Qxf4 24. Bxf4 Be6) 23. Rcd1 $2 {[%emt 0:01:35][%mdl 8192] Loses the game.} (23. Bg3 $1 $14 {keeps the upper hand.} Bg4 24. Qxb7 Bxg3 25. fxg3) 23... Bg4 $19 24. Qxb7 Bxd1 25. f4 Qg4 26. Be5 (26. Qxa8 $142 Bxd6 27. Qc6) 26... Bxe5 27. fxe5 Qd4+ 28. Kh1 Qxe5 {[%emt 0:00:05] [#] ...Reb8 would now be deadly.} 29. Nxd1 Qe2 30. Kg1 Rad8 31. Nc3 Qe3+ 32. Kh1 Rb8 33. Qc6 Re6 34. Qc7 (34. Qc4 $142 Kg7 (34... Rxb2 35. Nd1 $17) 35. Na4) 34... Rxb2 35. Bxg6 Re7 {[%emt 0:07:25] ( -> ...Qf2)} 36. Qd8+ Kg7 {[%emt 0:00:14][%cal Oe3f2] ( -> ...Qf2!)} 37. Bd3 Rd2 38. Ne4 Nxe4 {[%emt 0:01:54] Weighted Error Value: White=0.93/Black=0.19 (very precise)   Loses game:     	White=1     	---        Mistake:       	White=4     	Black=2      Inaccurate:     	White=1     	Black=1      OK:         	White=9     	Black=8      Best:        	White=1     	Black=3} (38... Rxd3 $2 {perishes.} 39. Qxe7 $18) 0-1

[Event "Budapest One Week IM-B 03-2025"]
[Site "Budapest"]
[Date "2025.03.21"]
[Round "8.1"]
[White "Pribelszky, Bence"]
[Black "Shah, Vishwa"]
[Result "1/2-1/2"]
[Annotator "TA"]
[ECO "A00"]
[WhiteElo "2400"]
[BlackElo "2172"]
[PlyCount "81"]
[EventDate "2025.03.17"]
[EventType "tourn"]
[EventCountry "HUN"]
[SourceTitle "playchess.com"]
[Source "ChessBase"]
[SourceQuality "1"]
[TimeControl "5400+30"]

1. g3 c5 2. Bg2 g6 3. c4 Bg7 4. Nc3 e5 5. a3 a5 6. Nf3 Ne7 7. O-O O-O 8. Ne1 Nbc6 9. Rb1 d6 10. Nc2 Be6 11. Ne3 {[%emt 0:00:09] A37: Symmetrical English vs ...g6: 4 Bg2 Bg7 5 Nf3.} Qd7 12. d3 Bh3 13. Ned5 {[%emt 0:00:29] Threatens to win with Nb6.} Bxg2 14. Kxg2 Nxd5 15. Nxd5 Ne7 16. Nc3 $146 (16. Nxe7+ Qxe7 17. b4 cxb4 18. axb4 b5 19. bxa5 bxc4 20. dxc4 Rxa5 21. Be3 Rc8 22. Rb6 {0-1 Arambel,S (2291)-Slipak,S (2445) Mar del Plata Duchamp op 45th 2014 (7)}) 16... d5 17. cxd5 Nxd5 18. Qb3 Ne7 (18... Rfd8 {simplifies} 19. Nxd5 Qxd5+ 20. Qxd5 Rxd5 21. b3 f5) 19. a4 Rab8 20. Be3 b6 21. Qc4 Kh8 22. f3 Nf5 23. Bg1 Nd4 24. e4 Nc6 25. Qd5 Rfd8 26. Rfd1 Nb4 27. Qc4 (27. Qxd7 $15 Rxd7 28. Ra1) 27... Qe6 (27... Nxd3 $2 28. b3 $18 (28. Nd5 Nb4 $16)) (27... Bh6 $17) 28. Nb5 (28. Qxe6 $11 fxe6 29. Nb5 Rxd3 30. Rxd3 Nxd3 31. b3) 28... Kg8 ({Better is} 28... Qe7 $17) 29. Be3 (29. Qxe6 $11 fxe6 30. Kf1 Nxd3 (30... Rxd3 31. Rxd3 Nxd3 32. Ke2 $14) 31. Ke2) 29... Qe7 $17 30. Qc3 Rd7 31. Rd2 {[%emt 0:00:11][%csl Od3] Black attacks a weakness} Rbd8 32. Rbd1 Bf6 33. Na3 h5 34. Nc4 Qe6 35. h3 Kg7 36. h4 Kh7 37. b3 Bg7 38. Qc1 f6 (38... Rxd3 39. Rxd3 Rxd3 (39... Nxd3 $2 40. Qb1 $18) 40. Rxd3 Nxd3 41. Qd1 $11) (38... Nxd3 39. Qb1 Nb4 40. Rxd7 Rxd7 41. Rxd7 Qxd7 42. Nxb6 $18) 39. Kh2 {[%emt 0:01:45] [#]} Kg8 (39... Rxd3 40. Rxd3 Rxd3 (40... Nxd3 $2 {too greedy.} 41. Qb1 $18) 41. Rxd3 Nxd3 42. Qd1 $16) (39... Nxd3 40. Qb1 Nb4 (40... Nf2 $2 41. Bxf2 Rxd2 42. Rxd2 $18) 41. Rxd7 Rxd7 42. Rxd7 Qxd7 43. Nxb6 $11) (39... f5 $1 $17 {[%cal Rf5f4] Threatens to win with ...f4.} 40. Bg5 Bf6 (40... Nxd3 $2 41. Qb1 $18) 41. exf5 Qxf5 (41... gxf5 $2 42. Kg1 $17)) 40. Qc3 Kh7 (40... Qc6 $15) 41. Qc1 $1 {[%emt 0:03:17] Weighted Error Value: White=0.20 (precise) /Black=0.22 (precise)   Mistake:       	White=3     	Black=4      Inaccurate:     	White=7     	Black=4      OK:         	White=6     	Black=12     Best:        	White=1     	---        Strong:       	White=1     	---} 1/2-1/2

[Event "Budapest One Week IM-B 03-2025"]
[Site "Budapest"]
[Date "2025.03.21"]
[Round "8.2"]
[White "Ongut, Tamas Gunes"]
[Black "Venkatesh, Narayan"]
[Result "1-0"]
[Annotator "TA"]
[ECO "D02"]
[WhiteElo "2290"]
[BlackElo "2203"]
[PlyCount "89"]
[EventDate "2025.03.17"]
[EventType "tourn"]
[EventCountry "HUN"]
[SourceTitle "playchess.com"]
[Source "ChessBase"]
[SourceQuality "1"]
[TimeControl "5400+30"]

1. Nf3 d5 2. d4 Nf6 3. g3 Bf5 4. c4 e6 5. Nc3 c6 6. Nh4 {[%emt 0:00:24] D02: 1 d4 d5 2 Nf3 sidelines, including 2...Nf6 3 g3 and 2...Nf6 3 Bf4.} Be4 (6... dxc4 $11 7. Nxf5 exf5) 7. f3 $14 Bg6 8. Qb3 {[%emt 0:01:25] White is slightly better.} Qb6 9. c5 (9. Nxg6 $14 hxg6 10. c5) 9... Qc7 (9... Qxb3 $11 {remains equal.} 10. axb3 Bc2) 10. Bf4 $16 Qc8 11. Bg2 {[%emt 0:02:50] White has more active pieces.} Nbd7 12. Nxg6 hxg6 13. e4 dxe4 14. fxe4 {[%emt 0:01:24] [#]} e5 $1 15. dxe5 (15. Bxe5 Nxe5 16. dxe5 Ng4 $17) 15... Nxc5 16. Qc2 Nfd7 ({Better is} 16... Ng4 $11) 17. O-O-O $36 {[%emt 0:00:15][%mdl 2048] Black is under pressure.} Be7 $146 (17... Ne6 18. h4 Qc7 19. Bh3 O-O-O 20. Kb1 Be7 21. Qe2 Ndf8 22. Nd5 cxd5 23. exd5 Kb8 24. dxe6 {1-0 Truskavetsky,A (2348)-Ivlev,A (2315) Sochi Pearl Rapid op 2023 (5)}) 18. h4 Ne6 19. Bh3 Ndf8 20. Kb1 Qc7 21. Rc1 Qa5 {[%emt 0:04:46] Prevents Nd5} 22. Rhf1 g5 $1 23. Bd2 (23. Be3 $14 {keeps the upper hand.}) 23... gxh4 $2 {[%emt 0:08:09][%csl Oe4,Oe5,Og3][%mdl 8192] White has weak pawns Black cannot hold the game after this.} (23... Qxe5 $17 {stays on course.} 24. Ne2 (24. Qb3 Rd8 $17) 24... gxh4) 24. Nd5 $1 $18 Qd8 {[%emt 0:00:44] [#]} (24... Qb5 {keeps fighting.}) 25. Qb3 $1 Rb8 {[%emt 0:07:53] [#]} (25... cxd5 26. exd5 Nd4 27. Qa4+ (27. Qxb7 Rb8 $17) 27... Nd7 28. e6 $18 (28. Qxd4 hxg3 29. Rh1 O-O $18)) (25... hxg3 26. Bxe6 Nxe6) 26. Qf3 $1 f6 27. exf6 gxf6 28. Bg4 cxd5 (28... hxg3 $142 29. Nxe7 (29. Nxf6+ Bxf6 30. Qxg3 Qxd2 $14) 29... Qxe7) 29. Bh5+ {[%emt 0:00:08] This pair of bishops is nice.} Kd7 30. exd5 Qb6 31. dxe6+ {[%emt 0:01:31] Black is weak on the light squares} Nxe6 32. Rfd1 Bd6 33. Be3 Qb5 34. Rd5 (34. Qxf6 $142 Qxh5 35. Bf4 Qh7+ 36. Ka1 Qe7 37. Rxd6+ Qxd6 38. Qf7+ (38. Bxd6 Rbe8 $18) 38... Qe7 39. Rd1+ Kc6 40. Qxe7) 34... Qa6 35. Rcd1 Ke7 36. Rxd6 Qxd6 37. Rxd6 (37. gxh4 Qc6 $16) 37... Kxd6 38. gxh4 {[%emt 0:00:41][%cal Of3f6] And now Qxf6! would win.} Ke7 39. Bg4 {[%emt 0:00:59] White wants to mate with Qe4.} Ng7 40. Bc5+ Kf7 41. Qd5+ Kg6 42. h5+ Kh7 43. Bf5+ {[%emt 0:00:16] White mates.} Kh6 44. Be3+ Kxh5 45. Qh1# {[%emt 0:00:06] Weighted Error Value: White=0.69/Black=1.19  Loses game:     	---       	Black=1      Mistake:       	White=2     	Black=6      Inaccurate:     	White=3     	Black=2      OK:         	White=8     	Black=8      Best:        	White=3     	Black=2      Strong:       	White=2     	Black=1      Brilliant:      	---       	Black=1} 1-0

[Event "Budapest One Week IM-B 03-2025"]
[Site "Budapest"]
[Date "2025.03.21"]
[Round "8.3"]
[White "Mrithyunjay Mahadevan"]
[Black "Turcsanyi, Vince Gergo"]
[Result "1/2-1/2"]
[Annotator "TA"]
[ECO "A05"]
[WhiteElo "2295"]
[BlackElo "2285"]
[PlyCount "40"]
[EventDate "2025.03.17"]
[EventType "tourn"]
[EventCountry "HUN"]
[SourceTitle "playchess.com"]
[Source "ChessBase"]
[SourceQuality "1"]
[TimeControl "5400+30"]

1. Nf3 Nf6 2. b3 e6 3. Bb2 d5 4. e3 Be7 5. d4 O-O 6. Bd3 b6 7. O-O Bb7 8. Nbd2 Nbd7 9. c4 Re8 {[%emt 0:02:56] D05: Colle System with ...e6.} 10. Rc1 Bd6 11. Ne5 Ne4 {[%emt 0:15:08] White has an edge.} 12. cxd5 exd5 {[%emt 0:00:49] [#]} (12... Nxd2 $1 $11 {keeps the balance.} 13. Qxd2 Bxe5) 13. Nxe4 $1 $16 dxe4 14. Bb5 {[%emt 0:00:23] White is more active.} Bxe5 15. dxe5 c6 16. Bxc6 Bxc6 17. Rxc6 {[%emt 0:00:07] And now Rd6 would win.} Nxe5 18. Bxe5 Rxe5 19. Qc2 h6 $146 (19... Qd3 20. Rc8+ Re8 21. Qxd3 exd3 22. Rc3 Red8 23. Rd1 g6 24. Kf1 Rac8 25. Rdxd3 Rxc3 26. Rxd8+ {1-0 Forman,S (2331)-Zvara,D (1979) CZE-chT2C 1112 2011 (9.3)}) 20. Rd1 Rd5 {[%emt 0:02:04] Weighted Error Value: White=0.11 (very precise) /Black=0.21 (precise)   Mistake:       	---       	Black=1      Inaccurate:     	White=1     	---        OK:         	White=2     	Black=1      Best:        	---       	Black=2      Strong:       	White=1     	---} 1/2-1/2

[Event "Budapest One Week IM-B 03-2025"]
[Site "Budapest"]
[Date "2025.03.21"]
[Round "8.4"]
[White "Luebke, Florentin"]
[Black "Jing, Andrew"]
[Result "1/2-1/2"]
[Annotator "TA"]
[ECO "B40"]
[WhiteElo "2233"]
[BlackElo "2198"]
[PlyCount "75"]
[EventDate "2025.03.17"]
[EventType "tourn"]
[EventCountry "HUN"]
[SourceTitle "playchess.com"]
[Source "ChessBase"]
[SourceQuality "1"]
[TimeControl "5400+30"]

1. e4 c5 2. Nf3 e6 3. g3 a6 4. Bg2 b5 5. O-O Bb7 6. Re1 {[%emt 0:00:24] B40: Sicilian: 2...e6, Unusual lines.} Nc6 7. c3 Nf6 8. d4 {[%emt 0:00:12] White is slightly better.} cxd4 9. cxd4 d5 10. e5 Ne4 11. Nbd2 Nxd2 12. Bxd2 Be7 $146 (12... Qb6 13. Be3 Na5 14. b3 Nc6 15. a3 Rc8 16. Ng5 Be7 17. Qh5 Bxg5 18. Qxg5 O-O {0-1 Oratovsky,M (2501)-Cori Tello,D (2413) El Aguila Masters 2017 (6)}) 13. h4 Qb6 14. Be3 O-O-O (14... Na5 $11 {keeps the balance.}) 15. a4 $16 b4 16. Nd2 Na5 17. Nb3 ({Better is} 17. Rc1+ $16 Kb8 18. Ne4) 17... Nxb3 $1 $14 18. Qxb3 a5 19. Bf1 Ba6 20. Bxa6+ Qxa6 21. Bg5 Bxg5 22. hxg5 Kd7 23. Qf3 Ke7 {[%emt 0:00:11] The position is equal.} 24. Rac1 Rc8 25. Qe3 Rxc1 26. Rxc1 $11 {[%emt 0:00:34][%mdl 4096] Endgame KQR-KQR} Rc8 {[%emt 0:00:04] Dodges Rc7+} 27. b3 g6 28. Kg2 Rxc1 29. Qxc1 {[%emt 0:00:10] KQ-KQ} Qb6 30. Qf4 Ke8 31. Qh4 Ke7 32. Qf4 Ke8 33. Kh2 Qc7 34. Qf6 Qc2 35. Qh8+ Ke7 36. Qf6+ (36. Qxh7 $2 {too greedy.} Qxf2+ (36... Qxb3 37. Qh8 $17) 37. Kh3 Qf3 $19 (37... Qxd4 38. Qh8 $17)) 36... Ke8 37. Qh8+ Ke7 38. Qf6+ {[%emt 0:00:07] Weighted Error Value: White=0.13 (very precise) /Black=0.10 (very precise)   Mistake:       	White=1     	Black=1      Inaccurate:     	White=5     	Black=3      OK:         	White=12    	Black=14     Best:        	---       	Black=2      Strong:       	---       	Black=1} (38. Qxh7 Qxf2+ (38... Qxb3 39. Qh8 $17) 39. Kh3 Qf5+ (39... Qxd4 $2 40. Qh8 $17) 40. Kh2 Qxg5 $15) 1/2-1/2

[Event "Budapest One Week IM-B 03-2025"]
[Site "Budapest"]
[Date "2025.03.21"]
[Round "8.5"]
[White "Kustar, Sandor"]
[Black "Varga, Zoltan"]
[Result "1/2-1/2"]
[Annotator "TA"]
[ECO "A05"]
[WhiteElo "2231"]
[BlackElo "2305"]
[PlyCount "56"]
[EventDate "2025.03.17"]
[EventType "tourn"]
[EventCountry "HUN"]
[SourceTitle "playchess.com"]
[Source "ChessBase"]
[SourceQuality "1"]
[TimeControl "5400+30"]

1. Nf3 Nf6 2. c4 d5 3. cxd5 Nxd5 4. d4 g6 5. e4 Nb6 6. Nc3 Bg7 7. Be3 {7.h3 is the fancy move.} O-O 8. Be2 f5 {D70: Grünfeld: Unusual White 3rd moves (met by ...d5).} (8... Bg4 $14 {is more appropriate.}) 9. exf5 $146 (9. Qb3+ Kh8 10. Rd1 f4 11. Bc1 a5 12. a4 Nc6 13. e5 Nb4 14. Ng5 e6 15. O-O Qxg5 16. Ne4 {0-1 Schoewer,T (1757)-Wiengarten,R (1580) Muensterland Verbandsklasse 1819 2018 (7.6)}) 9... Bxf5 10. Qb3+ Kh8 {White is better.} 11. Ng5 {g4 would now be deadly. White is more active.} Qe8 (11... Nc6 $16) 12. Bf3 ({White should try} 12. g4 $18 Bd7 13. O-O-O) 12... Nc6 $14 13. Rd1 (13. d5 $14 Ne5 14. Be2) 13... Rd8 (13... e5 $11 14. Bxc6 bxc6 15. dxe5 h6) 14. Ne6 {A sharp opening} (14. d5 $14 Na5 15. Qb4) 14... Bxe6 $11 15. Qxe6 Nxd4 (15... Bxd4 $2 16. Rxd4 Nxd4 17. Bxd4+ Rxd4 18. Qe5+ (18. Bxb7 $2 Qf7 $19) 18... Rf6 19. Qxd4 $18) 16. Rxd4 Rxd4 (16... Bxd4 $2 17. Bxd4+ (17. Bxb7 $2 {perishes.} Qf7 $19) 17... Rxd4 18. Qe5+ (18. Bxb7 $2 Qf7 $19) 18... Rf6 19. Qxd4 $18) 17. Bxd4 Bxd4 18. O-O c6 19. Rd1 Bg7 20. a4 a5 (20... Qf7 $15 21. Qe2 Bxc3 22. bxc3 Nxa4) 21. Qb3 Nd7 22. Qxb7 Ne5 23. Be2 Qb8 24. Qxe7 Qxb2 25. Rd8 $1 Qb4 $2 {[%mdl 8192] [#]} (25... Qc1+ $14 26. Bf1 Qf4) 26. Bf1 $4 Qf4 $2 (26... Qxe7 $19 27. Rxf8+ Bxf8) 27. Rxf8+ (27. Ne4 $5) 27... Qxf8 28. Qxf8+ Bxf8 {Weighted Error Value: White=0.54/Black=0.99  Loses game:     	---       	Black=1      Missed win:     	White=1     	Black=1      Mistake:       	White=3     	Black=3      Inaccurate:     	White=2     	Black=2      OK:         	White=5     	Black=2      Best:        	White=1     	Black=2      Strong:       	White=1     	---} 1/2-1/2

[Event "Budapest One Week IM-B 03-2025"]
[Site "Budapest"]
[Date "2025.03.22"]
[Round "9.1"]
[White "Varga, Zoltan"]
[Black "Pribelszky, Bence"]
[Result "1/2-1/2"]
[Annotator "TA"]
[ECO "C50"]
[WhiteElo "2305"]
[BlackElo "2400"]
[PlyCount "43"]
[EventDate "2025.03.17"]
[EventType "tourn"]
[EventCountry "HUN"]
[SourceTitle "playchess.com"]
[Source "ChessBase"]
[SourceQuality "1"]
[TimeControl "5400+30"]

1. e4 e5 2. Nf3 Nc6 3. Bc4 Bc5 4. d3 Nf6 5. Bb3 d6 6. c3 a5 {C54: Giuoco Piano: 4 c3 Nf6, main lines with 5 d4 and 5 d3.} 7. Qe2 O-O 8. Nbd2 (8. a4 $11) 8... a4 $15 {Black is slightly better.} 9. Bc2 h6 $146 (9... Re8 10. Nf1 d5 11. Ng3 d4 12. O-O a3 13. b4 Bb6 14. b5 Na7 15. c4 c6 {0-1 Krzywda,A (2105)-Wagner,D (2572) Titled Tuesday intern op 08th June blitz 2021 (3)}) 10. Nc4 b5 11. Ne3 d5 12. Nxd5 Nxd5 13. exd5 Qxd5 14. Qe4 {Prevents Bf5} (14. O-O $15) 14... Qxe4+ $17 15. dxe4 Be6 16. a3 f6 17. O-O Na5 18. Rd1 Bb3 19. Bxb3+ Nxb3 20. Rb1 Nxc1 (20... Rfd8 $17 21. Bd2 Bb6) 21. Rbxc1 $11 Rfd8 22. Kf1 {Weighted Error Value: White=0.19 (very precise) /Black=0.24 (precise)   Mistake:       	White=2     	Black=1      Inaccurate:     	White=2     	---        OK:         	White=5     	Black=4      Best:        	---       	Black=1} 1/2-1/2

[Event "Budapest One Week IM-B 03-2025"]
[Site "Budapest"]
[Date "2025.03.22"]
[Round "9.2"]
[White "Jing, Andrew"]
[Black "Kustar, Sandor"]
[Result "1-0"]
[Annotator "TA"]
[ECO "D72"]
[WhiteElo "2198"]
[BlackElo "2231"]
[PlyCount "47"]
[EventDate "2025.03.17"]
[EventType "tourn"]
[EventCountry "HUN"]
[SourceTitle "playchess.com"]
[Source "ChessBase"]
[SourceQuality "1"]
[TimeControl "5400+30"]

1. d4 Nf6 2. c4 g6 3. g3 Bg7 4. Bg2 d5 5. cxd5 Nxd5 6. e4 Nb6 7. Ne2 c5 8. d5 e6 9. O-O O-O 10. Nec3 Na6 11. a4 exd5 12. exd5 Nc4 {[%emt 0:02:32] D72: Fianchetto Grünfeld: 5 cxd5 Nxd5 6 e4 Nb6 (without Nf3).} 13. Na3 Nxa3 14. Rxa3 Bf5 {[%emt 0:01:17] The position is equal.} 15. g4 Bd7 16. d6 $146 (16. Ne4 f5 17. gxf5 Rxf5 18. Ng3 Rf7 19. d6 Bc6 20. Bd5 Nb4 21. Bxf7+ Kxf7 22. Re1 {1-0 Zia,T (2255)-Grebennikov,N (2220) Budapest SixDays 09 GM-C 2024 (2)}) 16... Nb4 17. Ne4 $36 {[%emt 0:05:16][%mdl 2048] White fights for an advantage.} Rc8 (17... Qc8 $11 {deserves consideration.}) 18. Bg5 $16 f6 {[%emt 0:00:13] [#]} 19. Bd2 {[%emt 0:03:29][%cal Oe4c5] Black must now prevent Nxc5!.} a5 20. Rg3 {[%emt 0:03:18] White is more active.} f5 (20... Bc6 $16) 21. gxf5 $18 Bxf5 (21... Rxf5 $16 {is a better defense.} 22. Bc3 Nd5) 22. Bg5 (22. Bc3 $18) 22... Qd7 $16 23. Be7 Bxb2 $2 {[%emt 0:01:04][%mdl 8192] [#]} (23... Rfe8 $16) 24. Qb3+ {[%emt 0:00:54] Weighted Error Value: White=0.11 (very precise) /Black=0.59  Loses game:     	---       	Black=1      Mistake:       	White=1     	Black=3      Inaccurate:     	White=1     	Black=1      OK:         	White=4     	Black=4      Best:        	White=4     	Black=1} 1-0

[Event "Budapest One Week IM-B 03-2025"]
[Site "Budapest"]
[Date "2025.03.22"]
[Round "9.3"]
[White "Turcsanyi, Vince Gergo"]
[Black "Luebke, Florentin"]
[Result "1-0"]
[Annotator "TA"]
[ECO "B67"]
[WhiteElo "2285"]
[BlackElo "2233"]
[PlyCount "57"]
[EventDate "2025.03.17"]
[EventType "tourn"]
[EventCountry "HUN"]
[SourceTitle "playchess.com"]
[Source "ChessBase"]
[SourceQuality "1"]
[TimeControl "5400+30"]

1. e4 c5 2. Nf3 d6 3. d4 cxd4 4. Nxd4 Nf6 5. Nc3 Nc6 6. Bg5 e6 7. Qd2 a6 8. O-O-O Bd7 9. Kb1 Nxd4 {[%emt 0:02:04] B67: Sicilian: Richter-Rauzer: 7...a6 8 0-0-0 Bd7, lines without 9 f4 Be7.} 10. Qxd4 Be7 11. Rg1 h6 {[%emt 0:16:57] The position is equal.} 12. Bh4 $146 (12. Be3 Bc6 13. g4 d5 14. exd5 Nxd5 15. Nxd5 Qxd5 16. Bg2 Qxd4 17. Bxc6+ bxc6 18. Rxd4 {½-½ Foldes,M (2261)-Collins,A (2155) Budapest One Week IM-A 12 2024 (7)}) 12... e5 (12... O-O $11) 13. Qd2 g5 14. Bg3 b5 15. f3 O-O ({Better is} 15... b4 $14) 16. h4 $16 b4 17. Ne2 Nh5 18. hxg5 (18. Qxb4 Nxg3 19. Nxg3 Rb8 $17) (18. Bf2 $142) 18... hxg5 $2 {[%emt 0:16:43] [#] Loses the game.} (18... Bxg5 $16 19. Qxb4 (19. Qxd6 Be6 $17) 19... Nxg3) 19. Rh1 $18 (19. Qxb4 Nxg3 20. Nxg3 Rb8 $17) 19... Nxg3 20. Nxg3 Be6 21. Bd3 (21. Qxb4 d5 22. Qa4 Bd6) 21... Kg7 (21... a5 {keeps fighting.} 22. Rh6 (22. Nf5 Bxf5 23. exf5 Bf6 $18) 22... Bf6) 22. Nh5+ ({Don't play} 22. Qxb4 a5 23. Qd2 Qc7 24. Nh5+ Kg8 $18) 22... Kg6 $2 (22... Kg8 23. g4 (23. Qxb4 a5 $16) 23... Re8) 23. g3 {[%emt 0:02:26][%cal Of3f4,Bg2g3,Bg3g4][%mdl 32] [#]} (23. Qxb4 Rb8 24. Qd2 Rh8 $16) 23... f6 24. f4 {[%emt 0:00:24] f5+ is the strong threat.} f5 25. exf5+ Bxf5 26. g4 Bxd3 27. Qxd3+ {[%emt 0:00:04] White mates.} Kf7 {[%emt 0:00:10] Black is weak on the light squares} 28. Qf5+ Ke8 29. Ng7# {[%emt 0:00:05] Weighted Error Value: White=0.28 (precise) /Black=1.19  Loses game:     	---       	Black=1      Mistake:       	White=1     	Black=4      Inaccurate:     	White=2     	Black=1      OK:         	White=5     	Black=5      Best:        	White=1     	---} 1-0

[Event "Budapest One Week IM-B 03-2025"]
[Site "Budapest"]
[Date "2025.03.22"]
[Round "9.4"]
[White "Venkatesh, Narayan"]
[Black "Mrithyunjay Mahadevan"]
[Result "1-0"]
[Annotator "TA"]
[ECO "D11"]
[WhiteElo "2203"]
[BlackElo "2295"]
[PlyCount "49"]
[EventDate "2025.03.17"]
[EventType "tourn"]
[EventCountry "HUN"]
[SourceTitle "playchess.com"]
[Source "ChessBase"]
[SourceQuality "1"]
[TimeControl "5400+30"]

1. d4 d5 2. c4 c6 3. Nf3 Nf6 4. e3 e6 5. Bd3 Nbd7 6. O-O dxc4 7. Bxc4 b5 8. Bd3 Bb7 9. a4 a6 10. e4 {[%emt 0:01:36][%cal Be3e4,Be4e5][%mdl 32] D30: Queen's Gambit Declined: Systems without Nc3.} Qb6 (10... b4 $14) 11. Qe2 $16 h6 $146 (11... Be7 12. Be3 O-O 13. Rc1 b4 14. a5 Qa7 15. d5 Bc5 16. Rxc5 Nxc5 17. Qc2 Nfd7 18. dxe6 fxe6 {1-0 Pascua,H (2425)-Barbe,T (2059) Pattaya Thailand op 2nd 2019 (2)}) 12. e5 {[%emt 0:07:50] White is better.} Nd5 13. Nc3 b4 {[%emt 0:01:10] [#]} (13... bxa4 $16 14. Nxa4 Qa7) 14. Nxd5 $1 $18 cxd5 15. Be3 (15. a5 $18 {is more deadly.} Qa7 16. Be3) 15... Be7 (15... a5 $142) 16. Nd2 (16. a5 $16 Qd8 17. Nd2) 16... a5 $14 17. Rac1 $36 {[%emt 0:03:12][%mdl 2048] White has good play.} Ba6 18. f4 g6 19. g4 {[%emt 0:06:51] White is more active.} h5 ({Black should play} 19... Bxd3 $14 20. Qxd3 Qa6 21. Qxa6 Rxa6) 20. f5 $16 hxg4 $2 (20... Bxd3 $16 21. Qxd3 gxf5) 21. fxg6 $18 {[%emt 0:01:19] [#] Threatens to win with Bxa6.} fxg6 22. Bxa6 ({Not} 22. Bxg6+ Kd8 23. Bd3 Bxd3 24. Qxd3 Rc8 $16) 22... Qxa6 23. Qxa6 Rxa6 24. Rc8+ Bd8 25. Bg5 {[%emt 0:00:18] Weighted Error Value: White=0.15 (very precise) /Black=1.22  Loses game:     	---       	Black=1      Mistake:       	White=2     	Black=4      Inaccurate:     	White=1     	Black=1      OK:         	White=4     	Black=3      Best:        	White=2     	---} 1-0